 Dungeon Crawl Stone Soup version 0.30.0-10-gfe55d96785 (webtiles) character file.

Game seed: 11147252434804016452

75 gelatine the Conjurer (level 4, -2/31 HPs)
             Began as a Demonspawn Conjurer on May 15, 2023.
             Slain by Sigmund
             ... wielding a +0 scythe
              (9 damage)
             ... on level 3 of the Dungeon.
             The game lasted 00:04:23 (2683 turns).

gelatine the Conjurer (Demonspawn Conjurer)         Turns: 2683, Time: 00:04:24

Health: -2/31      AC:  2    Str:  4 (6)  XL:     4   Next: 11%
Magic:  5/7        EV: 12    Int: 19 (20) God:
Gold:   150        SH:  0    Dex: 15 (16) Spells: 6/7 levels left

rFire   . . .        e - +1 mace (protect)
rCold   . . .        (no shield)
rNeg    . . .        a - +0 robe
rPois   .            (no helmet)
rElec   .            (no cloak)
rCorr   .            (no gloves)
SInv    .            (no boots)
Will    .....        (no amulet)
Stlth   +            (no ring)
HPRegen 0.25/turn    (no ring)
MPRegen 0.10/turn

%: no passive effects
@: confused, mighty
A: spiny 1, agile 1
a: no special abilities


You were on level 3 of the Dungeon.
You visited 1 branch of the dungeon, and saw 3 of its levels.

You collected 150 gold pieces.

Inventory:

Hand Weapons
 e - a +1 mace of protection (weapon)
 j - a +0 dagger of speed
Armour
 a - a +0 robe (worn)
Wands
 o - a wand of mindburst (6)
Scrolls
 c - a scroll of enchant armour {unknown}
 f - 2 scrolls of poison {unknown}
 g - a scroll of summoning {unknown}
 k - 3 scrolls of identify {unknown}
 m - a scroll of enchant weapon {unknown}
 n - a scroll of magic mapping {unknown}
Potions
 b - a potion of magic
 d - a potion of heal wounds
 h - 2 potions of mutation


   Skills:
 * Level 0.9 Fighting
 * Level 1.8 Dodging
 * Level 2.2 Stealth
 * Level 2.0 Spellcasting
 * Level 5.2 Conjurations


You had 6 spell levels left.
You knew the following spells:

 Your Spells              Type           Power      Damage    Failure   Level
a - Magic Dart            Conj           84%        1d7       1%          1

Your spell library contained the following spells:

 Spells                   Type           Power      Damage    Failure   Level
 Searing Ray              Conj           42%        2d6       3%          2
 Slow                     Hex            4%         N/A       17%         1
 Dazzling Flash           Conj/Hex       22%        N/A       17%         3
 Confusing Touch          Hex            1%         N/A       45%         3
 Inner Flame              Hex/Fire       1%         N/A       45%         3
 Vampiric Draining        Necr           1%         2d6       45%         3
 Flame Wave               Conj/Fire      11%        2d6       50%         4
 Fulminant Prism          Conj/Hex       5%         3d7       50%         4
 Iskenderun's Mystic Bla  Conj/Tloc      11%        2d4       50%         4
 Sticky Flame             Conj/Fire      11%        2d3       50%         4


Dungeon Overview and Level Annotations

Branches:
Dungeon (3/15)

Altars:

Shops:
D:2 =

Annotations:
D:3 Sigmund


Innate Abilities, Weirdness & Mutations

You are partially covered in sharp spines.
You are agile. (Dex +4, Str/Int -1)


Message History

Found a bloodstained ring mail.
The magic dart hits Sigmund but does no damage.
Sigmund shouts!
The magic dart hits Sigmund but does no damage.
The magic dart hits Sigmund.
Sigmund is lightly wounded.
The magic dart hits Sigmund.
Sigmund is lightly wounded.
Sigmund casts a spell at you.
You are confused.
It was a potion of mutation.
You feel extremely strange.
You feel agile.
It was a potion of heal wounds.
You feel much better. Sigmund barely misses you.
It was a potion of might.
You feel very mighty all of a sudden.
It was a potion of degeneration.
There was something very wrong with that liquid.
You feel weakened.
You feel dopey.
You feel clumsy. Sigmund hits you but does no damage.
You are too confused!
Sigmund hits you from afar with a +0 scythe!
You feel less confused.
Sigmund hits you from afar with a +0 scythe.
Found 13 gold pieces.
Sigmund barely misses you.
Sigmund points at you and mumbles some strange words.
You are confused.
You're too confused to move!
Sigmund points at you and mumbles some strange words.
The puff of flame hits you!
You're too confused to move!
Sigmund casts a spell at you.
You are more confused.
Sigmund points at you and mumbles some strange words.
The magic dart hits you!
* * * LOW HITPOINT WARNING * * *
You bump into the rock wall.
You bump into the rock wall.
Sigmund hits you from afar with a +0 scythe!
You die...

....................#.#....#...
............###.#.....#....#...
..######..#...........#........
.##......#.#.........#.........
...............................
..(........#...................
#....#####..#...................
......# ##........@.............
......###<......@.....#........
......##.........#...........$.
......##...........##.#........
......##.......####...........
...............# ...#......
...............# ...#....
.###.#...##...... ...# .. .#
#.######...... ... .# #.# ......


You could see Sigmund.

Vanquished Creatures
  3 adders (D:2)
  2 worms (D:2)
  A dart slug (D:2)
  A ball python (D:3)
  3 bats
  3 endoplasms
  4 giant cockroaches
  5 hobgoblins
  4 jackals (D:1)
  A quokka (D:2)
  4 frilled lizards
  2 goblins
  5 kobolds
  2 rats (D:3)
40 creatures vanquished.

Notes
Turn   | Place    | Note
-------+----------+-------------------------------------------
     0 | D:1      | gelatine the Demonspawn Conjurer began the quest for the
                  | Orb.
     0 | D:1      | Reached XP level 1. HP: 13/13 MP: 3/3
   155 | D:1      | Gained mutation: You are partially covered in sharp spines.
                  | [demonic ancestry]
   155 | D:1      | Reached XP level 2. HP: 19/19 MP: 1/5
  1315 | D:2      | Reached XP level 3. HP: 16/24 MP: 3/6
  1788 | D:2      | Found a faded altar of an unknown god.
  1823 | D:2      | Reached skill level 5 in Conjurations
  1857 | D:2      | Found Faef's Jewellery Shop.
  2218 | D:2      | Reached XP level 4. HP: 31/31 MP: 3/7
  2489 | D:3      | Identified the +0 scale mail "Yhuwuneo" {Str-4 Dex+2 SInv}
  2655 | D:3      | Noticed Sigmund
  2662 | D:3      | Gained mutation: You are agile. (Dex +4, Str/Int -1)
                  | [potion of mutation]
  2683 | D:3      | Slain by Sigmund

Illustrated notes

Levels and vault maps discovered:
D:1:      dpeg_arrival_circle_labyrinth_c, layout_basic,
          chequers_serial_rivers_micro_b
D:2:      layout_loops_ring, serial_shops, nicolae_shop_tiny_glass,
          shapermc_ecumenical_altar_mp_vishouse, kennysheep_generic_room_7
D:3:      layout_basic, uniq_natasha, uniq_sigmund

Skill      XL: |  1  2  3 |
---------------+----------+-----
Stealth        | 2 |  2.2
Conjurations   | 5 |  5.2
Fighting       | |  0.9
Dodging        | |  1.8
Spellcasting   | |  2.0

Action                     |  1- 3 |  4- 6 || total
---------------------------+-------+-------++-------
  Melee: Mace              |    25 |     2 ||    27
         Punch             |     1 |       ||     1
   Cast: Magic Dart        |    68 |    17 ||    85
    Use: Potion            |       |     4 ||     4
 Armour: Robe              |    10 |     1 ||    11
  Dodge: Dodged            |    25 |     4 ||    29
